 Dungeon Crawl Stone Soup version 0.27.1-35-g4d5d836560 (webtiles) character file.

Game seed: 7444291057081714507

40 cbfl8 the Sneak (level 3, -7/33 HPs)
             Began as a Minotaur Delver on Mar 27, 2022.
             Mangled by an ice beast (12 damage)
             ... on level 5 of the Dungeon.
             The game lasted 00:00:23 (175 turns).

cbfl8 the Sneak (Minotaur Delver)                    Turns: 175, Time: 00:00:23

Health: -7/33      AC:  3    Str: 17    XL:     3   Next: 30%
Magic:  2/2        EV: 12    Int:  7    God:
Gold:   10         SH:  0    Dex: 11    Spells: 2/2 levels left

rFire    . . .     SeeInvis .   a - +0 hand axe
rCold    . . .     Faith    .   (no shield)
rNeg     . . .     Spirit   .   b - +0 leather armour
rPois    .         Reflect  .   (helmet restricted)
rElec    .         Harm     .   (no cloak)
rCorr    .         Rampage  .   (no gloves)
Will     .....                  (no boots)
Stlth    ++........             (no amulet)
HPRegen  0.11/turn              (no ring)
MPRegen  0.08/turn              (no ring)

@: no status effects
A: horns 2, retaliatory headbutt
a: no special abilities


You were on level 5 of the Dungeon.
You visited 1 branch of the dungeon, and saw 1 of its levels.

You collected 10 gold pieces.

Inventory:

Hand Weapons
 a - a +0 hand axe (weapon)
Armour
 b - a +0 leather armour (worn)
Wands
 g - a wand of digging (3)
Scrolls
 c - a scroll of fog
 d - a scroll of magic mapping
 e - a scroll of fear
 h - a scroll of amnesia {unknown}
Potions
 f - a potion of haste


   Skills:
 + Level 3.9 Fighting
 + Level 2.7 Axes
 + Level 0.3 Armour
 + Level 2.2 Dodging
 + Level 4.8 Stealth


You had 2 spell levels left.
You didn't know any spells.
Your spell library was empty.

Dungeon Overview and Level Annotations

Branches:
Dungeon (5/15)
 Temple: D:4-7

Altars:


Innate Abilities, Weirdness & Mutations

You have a pair of horns on your head.
You reflexively headbutt those who attack you in melee.


Message History

There is a stone staircase leading up here.
A hound comes into view.
Found 21 stones.
The hound barks!
You hit the hound.
The hound is moderately wounded.
The hound bites you. The hound barely misses you.
An ice beast comes into view.
You slash the hound!
You headbutt the hound, but do no damage.
The hound is severely wounded.
The hound bites you.
You hit the hound. You headbutt the hound.
You kill the hound!
You have reached level 3!
Your experience leads to an increase in your attributes!
Increase (S)trength, (I)ntelligence, or (D)exterity?
You feel stronger.
You barely miss the ice beast. Your headbutt misses the ice beast.
The ice beast hits you but does no damage.
You hit the ice beast.
You headbutt the ice beast, but do no damage.
The ice beast is lightly wounded.
The ice beast hits you. The ice beast freezes you!
You closely miss the ice beast.
The ice beast is lightly wounded.
The ice beast hits you. The ice beast freezes you!
* * * LOW HITPOINT WARNING * * *
You hit the ice beast but do no damage.
The ice beast is lightly wounded.
The ice beast barely misses you.
You hit the ice beast but do no damage.
The ice beast is lightly wounded.
The ice beast closely misses you.
You hit the ice beast.
The ice beast is moderately wounded.
The ice beast hits you.
* * * LOW HITPOINT WARNING * * *
The ice beast freezes you!
You die...

#.....# ..#
#.....# ...
#.....# .###
#.....# ..#
#.†...# ..#
##..#####..# #.##
#... # ##.#
##.##.(##. #..#
#.@Y......
##.#####.###.##..
###........#
#........#.#
#........#.#
#........#.#
###..#####.#
#...#####.#
#.#<...##.#


You could see an ice beast.

Vanquished Creatures
  A hound (D:5)
  An adder (D:5)
2 creatures vanquished.

Notes
Turn   | Place    | Note
-------+----------+-------------------------------------------
     0 | D:5      | cbfl8 the Minotaur Delver began the quest for the Orb.
     0 | D:5      | Reached XP level 1. HP: 19/19 MP: 0/0
    37 | D:5      | Reached XP level 2. HP: 21/27 MP: 1/1
   166 | D:5      | Noticed an ice beast
   169 | D:5      | Reached XP level 3. HP: 25/33 MP: 2/2
   175 | D:5      | Mangled by an ice beast

Illustrated notes

Levels and vault maps discovered:
D:5:      layout_rooms, xom_teletrap_fun, chei_slow_surprise, uniq_menkaure,
          uniq_edmund

Action                   || total
-------------------------++-------
Melee: Hand axe          ||    12
       Headbutt          ||     3
Armor: Leather armour    ||     2
Dodge: Dodged            ||     5
